 Dungeon Sprint DCSS version 0.31.0-12-g77e489cdc1 (webtiles) character file.

Game seed: 16065005545802179227

900000 Kallu the Executioner (level 11, -26/68 HPs)
             Began as a Djinni Warper on Feb 14, 2024.
             Was a Follower of Makhleb.
             Annihilated by a meat berserker
             ... wielding a +9 battleaxe
              (72 damage)
             ... in the Dungeon (Sprint VIII: "Arena of Blood").
             The game lasted 00:00:29 (9 turns).

Kallu the Executioner (Djinni Warper)                  Turns: 9, Time: 00:00:29

Health: -26/68     AC:  3    Str: 10    XL:     11   Next: 25%
Gold:   0          EV: 11    Int: 20    God:    Makhleb [*.....] SH:  0 Dex: 12

rFire   + + .        h - +∞ Axe of Woe
rCold   x . .        (shield currently unavailable)
rNeg    . . .        a - +0 leather armour
rPois   ∞            (no helmet)
rElec   .            (no cloak)
rCorr   .            (no gloves)
SInv    .            (boots unavailable)
Will    +....        (no amulet)
Stlth   +            (no ring)
HPRegen 0.31/turn    (no ring)
MPRegen 0.00/turn

%: no teleportation, infuse magic (-27 HP)
@: flying
A: sickness immunity, fire resistance 2, cold vulnerability 1, float, innate
caster, HP casting, extra vitality 1
a: Renounce Religion


You were in the Dungeon.
You worshipped Makhleb.
Makhleb was aware of your devotion.
You visited 1 branch

Inventory:

Hand Weapons
 h - the +∞ Axe of Woe (weapon)
   (You found it in the Dungeon)
Missiles
 c - 7 darts of dispersal (quivered)
Armour
 a - a +0 leather armour (worn)
Scrolls
 b - 2 scrolls of blinking
Potions
 d - a potion of curing
 e - a potion of heal wounds
 f - a potion of haste
 g - a potion of berserk rage


   Skills:
 - Level 2.0 Fighting
 * Level 21.2 Axes
 - Level 0.7 Throwing
 - Level 1.0 Armour
 - Level 2.1 Dodging
 - Level 2.0 Unarmed Combat
 - Level 2.9 Spellcasting
 - Level 2.9 Conjurations
 - Level 2.9 Hexes
 - Level 2.9 Summonings
 - Level 2.9 Necromancy
 - Level 2.9 Translocations
 - Level 2.9 Fire Magic
 - Level 2.9 Ice Magic
 - Level 2.9 Air Magic
 - Level 2.9 Earth Magic
 - Level 2.9 Alchemy


You knew the following spells:

 Your Spells              Type           Power      Damage    Failure   Level
a - Blink                 Tloc           28%        N/A       9%          2
b - Lesser Beckoning      Tloc           28%        N/A       9%          2
c - Teleport Other        Tloc           14%        N/A       17%         3
d - Manifold Assault      Tloc           14%        N/A       50%         4
e - Vhi's Electric Charg  Tloc/Air       28%        N/A       50%         4
f - Shock                 Conj/Air       56%        1d6       6%          1
g - Searing Ray           Conj           28%        2d5       9%          2
h - Scorch                Fire           28%        2d6       9%          2
i - Dispel Undead         Necr           14%        3d10      50%         4
j - Animate Armour        Summ/Erth      28%        N/A       50%         4
Your spell library was empty.

Dungeon Overview and Level Annotations

Branches:
Dungeon (1/1)

Altars:
Makhleb


Innate Abilities, Weirdness & Mutations

You are immune to sickness and miasma.
You are immune to poison.
Your flesh is very heat resistant. (rF++)
You are vulnerable to cold. (rC-)
You float through the air rather than walking.
You learn spells naturally, not from books.
Your magical power is your life essence.
You have superior vitality. (+4 MHP)


Message History

The bag of meat hits you with a +9 war axe.
Your Axes skill gained 21 levels and is now at level 21!
You have reached level 2!
You have reached level 3!
Your experience leads to an increase in your attributes!
Increase (S)trength, (I)ntelligence, or (D)exterity?
You feel clever. x2
The power to cast Shock wells up from within.
Spell assigned to 'f'.
You have reached level 4!
You feel clever.
You have reached level 5!
The power to cast Searing Ray wells up from within.
Spell assigned to 'g'.
You have reached level 6!
You have reached level 7!
The power to cast Scorch wells up from within.
Spell assigned to 'h'.
You have reached level 8!
You feel clever.
You have reached level 9!
Your experience leads to an increase in your attributes!
Increase (S)trength, (I)ntelligence, or (D)exterity?
You feel clever. x2
The power to cast Dispel Undead wells up from within.
Spell assigned to 'i'.
You have reached level 10!
You have reached level 11!
The power to cast Animate Armour wells up from within.
Spell assigned to 'j'.
Unknown command.
Unknown command.
Unknown command.
You slice the bag of meat!! You chop the bag of meat into pieces.
You kill the bag of meat!
Makhleb accepts your kill.
You can now gain health from killing.
A bag of meat comes into view. It is wielding a +9 war axe. x3
The meat berserker hits you with a +9 battleaxe!!!!
Ouch! That really hurt!
You die...

..oo...........
...............
...............
...........O.
............
#.......#
#....)).#
.###...O@o.###...
......###........
......._..O......
....#.....#o.....
. #_.<.o#.o....
#.....# .....
....._.........
......###.....o..
.###.. ...###...


You could see 3 meat berserkers and 7 bags of meat.

Vanquished Creatures
  2 orcs (D)
2 creatures vanquished.

Notes
Turn   | Place    | Note
-------+----------+-------------------------------------------
     0 | D        | Found the +∞ Axe of Woe
     0 | D        | Kallu the Djinni Warper began the quest for the Orb.
     0 | D        | Kallu set off with the following spells memorised: Blink,
                  | Lesser Beckoning, Teleport Other, Manifold Assault, Vhi's
                  | Electric Charge.
     0 | D        | Reached XP level 1. HP: 18/18 MP: 0/0
     4 | D        | Became a worshipper of Makhleb the Destroyer
     5 | D        | Noticed a bag of meat
     5 | D        | Noticed a bag of meat
     6 | D        | Noticed a bag of meat
     6 | D        | Noticed a bag of meat
     6 | D        | Noticed a meat berserker
     6 | D        | Noticed a bag of meat
     6 | D        | Noticed a bag of meat
     7 | D        | Noticed a meat berserker
     8 | D        | Killed a bag of meat
     8 | D        | Noticed a meat berserker
     9 | D        | Reached skill level 21 in Axes
     9 | D        | Reached XP level 2. HP: 15/23 MP: 0/0
     9 | D        | Reached XP level 3. HP: 18/28 MP: 0/0
     9 | D        | Learned a level 1 spell: Shock
     9 | D        | Reached XP level 4. HP: 22/33 MP: 0/0
     9 | D        | Reached XP level 5. HP: 25/38 MP: 0/0
     9 | D        | Learned a level 2 spell: Searing Ray
     9 | D        | Reached XP level 6. HP: 29/43 MP: 0/0
     9 | D        | Reached XP level 7. HP: 33/49 MP: 0/0
     9 | D        | Learned a level 2 spell: Scorch
     9 | D        | Reached XP level 8. HP: 36/54 MP: 0/0
     9 | D        | Reached XP level 9. HP: 39/58 MP: 0/0
     9 | D        | Learned a level 4 spell: Dispel Undead
     9 | D        | Reached XP level 10. HP: 43/64 MP: 0/0
     9 | D        | Reached XP level 11. HP: 45/68 MP: 0/0
     9 | D        | Learned a level 4 spell: Animate Armour
     9 | D        | Killed a bag of meat
     9 | D        | Reached * piety under Makhleb
     9 | D        | Noticed a bag of meat
     9 | D        | Noticed a bag of meat
     9 | D        | Noticed a bag of meat
     9 | D        | Annihilated by a meat berserker

Illustrated notes

Levels and vault maps discovered:
D:        meatsprint

Skill      XL: |  1 |
---------------+----+-----
Axes           | 21 | 21.2
Fighting       | |  2.0
Throwing       | |  0.7
Armour         | |  1.0
Dodging        | |  2.1
Unarmed Combat | |  2.0
Spellcasting   | |  2.9
Conjurations   | |  2.9
Hexes          | |  2.9
Summonings     | |  2.9
Necromancy     | |  2.9
Translocations | |  2.9
Fire Magic     | |  2.9
Ice Magic      | |  2.9
Air Magic      | |  2.9
Earth Magic    | |  2.9
Alchemy        | |  2.9

Action                     |  1- 3 |  4- 6 |  7- 9 | 10-12 || total
---------------------------+-------+-------+-------+-------++-------
  Melee: Executioner's axe |     1 |       |       |     1 ||     2
 Armour: Leather armour    |     1 |       |       |     1 ||     2
